 Dungeon Crawl Stone Soup version 0.30.0-15-g856e2d3f33 (webtiles) character file.

Game seed: 15649108596945089883

294 browni3141 the Caller (level 6, 0/41 HPs)
             Began as a Mummy Summoner on May 19, 2023.
             Killed from afar by an orc wizard (4 damage)
             ... with a puff of flame
             ... on level 5 of the Dungeon.
             The game lasted 00:13:32 (1254 turns).

browni3141 the Caller (Mummy Summoner)              Turns: 1254, Time: 00:13:32

Health: 0/41       AC:  3    Str: 11    XL:     6   Next: 11%
Magic:  4/10       EV: 11    Int: 17    God:
Gold:   131        SH:  0    Dex: 12    Spells: 4/10 levels left

rFire   x . .        L - +2 whip (elec)
rCold   + . .        (no shield)
rNeg    + + +        K - +0 leather armour
rPois   ∞            (no helmet)
rElec   .            (no cloak)
rCorr   .            (no gloves)
SInv    .            (no boots)
Will    .....        (no amulet)
Stlth   +            (no ring)
HPRegen 0.26/turn    (no ring)
MPRegen 0.12/turn

%: faith
@: no status effects
A: cold resistance 1, negative energy resistance 3, torment resistance 2, heat
vulnerability 1, in touch with death 1, no potions, faith
a: no special abilities


You were on level 5 of the Dungeon.
You visited 1 branch of the dungeon, and saw 5 of its levels.

You collected 131 gold pieces.

Inventory:

Hand Weapons
 d - a +0 club
 g - a +0 whip
 L - a +2 whip of electrocution (weapon)
Missiles
 J - 5 poisoned darts
 T - 4 boomerangs
Armour
 a - a +0 robe
 c - a +0 hat
 K - a +0 leather armour (worn)
Scrolls
 b - a scroll of torment {unknown}
 e - a scroll of enchant armour {unknown}
 f - 3 scrolls of magic mapping {unknown}
 M - a scroll of enchant weapon {unknown}
 N - a scroll of noise {unknown}
 O - a scroll of poison {unknown}
 P - a scroll of identify {unknown}
 U - a scroll of silence {unknown}
 V - a scroll of fear {unknown}
 W - a scroll of immolation {unknown}


   Skills:
 * Level 2.4 Maces & Flails
 - Level 2.0 Armour
 - Level 1.5 Dodging
 - Level 1.5 Stealth
 - Level 2.6 Spellcasting
 - Level 5.0 Summonings


You had 4 spell levels left.
You knew the following spells:

 Your Spells              Type           Power      Damage    Failure   Level
a - Call Canine Familiar  Summ           19%        N/A       9%          3
x - Call Imp              Summ           38%        N/A       4%          2
z - Summon Small Mammal   Summ           76%        N/A       3%          1

Your spell library contained the following spells:

 Spells                   Type           Power      Damage    Failure   Level
 Summon Guardian Golem    Hex/Summ       10%        N/A       26%         3
 Gell's Gravitas          Tloc           2%         N/A       56%         3
 Teleport Other           Tloc           2%         N/A       56%         3
 Summon Lightning Spire   Summ/Air       10%        N/A       63%         4
 Dispersal                Tloc           1%         N/A       100%        6


Dungeon Overview and Level Annotations

Branches:
Dungeon (5/15)
 Temple: D:4-7

Altars:
Cheibriados
Nemelex Xobeh

Shops:
D:2 (


Innate Abilities, Weirdness & Mutations

You are immune to poison.
Your flesh is cold resistant. (rC+)
You are immune to negative energy. (rN+++)
You are immune to unholy pain and torment.
You are vulnerable to heat. (rF-)
You are in touch with the powers of death.
You do not drink.
You have a special connection with the divine. (Faith)


Message History

You hit the howler monkey.
The howler monkey is moderately wounded.
Your cerulean imp hits the howler monkey from afar with a -3 spear.
The howler monkey hits you.
You barely miss the howler monkey.
The howler monkey is moderately wounded.
The howler monkey misses you.
Your cerulean imp closely misses the howler monkey.
You hit the howler monkey but do no damage.
The howler monkey is moderately wounded.
The howler monkey hoots and howls with incredible vigour!
Your cerulean imp barely misses the howler monkey.
You hear a shout! x3
You barely miss the howler monkey.
The howler monkey is moderately wounded.
The howler monkey hits you.
Your cerulean imp hits the howler monkey from afar with a -3 spear.
You are too injured to fight recklessly!
You whack the howler monkey!
The howler monkey is almost dead.
The howler monkey barely misses you.
Your cerulean imp hits the howler monkey from afar with a -3 spear.
The howler monkey dies!
You have reached level 6!
You see here a howler monkey corpse.
An orc comes into view. It is wielding a +0 flail.
The orc shouts!
An orc wizard comes into view. It is wielding a +0 dagger.
An orc wizard comes into view. It is wielding a +0 dagger.
An orc comes into view. It is wielding a +0 flail.
You whack the orc! Lightning courses through the orc!!
You kill the orc!
Casting: Call Imp (safe; 4% risk of failure)
Confirm with . or Enter, or press ? or * to list all spells.
The orc wizard gestures at you while chanting.
The magic dart hits you.
An orc comes into view. It is wielding a +0 club.
You hit the orc wizard.
The orc wizard is moderately wounded.
Your hound closely misses the orc wizard.
Your cerulean imp closely misses the orc wizard.
The orc wizard misses you.
You closely miss the orc wizard.
The orc wizard is moderately wounded.
Your hound misses the orc wizard.
Your cerulean imp misses the orc wizard.
The orc wizard casts a spell at you.
You are confused.
Your hound bites the orc wizard.
The orc wizard hits you with a +0 dagger.
You are too injured to fight recklessly!
You are too injured to fight recklessly!
Unknown command.
Your hound bites the orc wizard.
Your cerulean imp misses the orc wizard.
The orc wizard gestures at you while chanting.
The puff of flame hits you! The fire burns you terribly!
* * * LOW HITPOINT WARNING * * *
The orc wizard hits you with a +0 dagger.
* * * LOW HITPOINT WARNING * * *
Are you sure you want to stumble around while confused and next to your cerulean imp?
You bump into the rock wall.
Your hound barely misses the orc wizard.
Your cerulean imp misses the orc wizard.
The orc wizard hits you with a +0 dagger.
* * * LOW HITPOINT WARNING * * *
Your hound bites the orc wizard.
The orc wizard hits you with a +0 dagger.
* * * LOW HITPOINT WARNING * * *
Are you sure you want to stumble around while confused and next to your cerulean imp?
You bump into the rock wall.
Your hound barely misses the orc wizard.
Your cerulean imp hits the orc wizard but does no damage.
The orc wizard barely misses you.
The orc wizard hits you with a +0 dagger.
* * * LOW HITPOINT WARNING * * *
Are you sure you want to stumble around while confused and next to your cerulean imp?
You whack your cerulean imp!
Your cerulean imp is severely wounded.
Your cerulean imp disappears in a puff of smoke!
Your hound bites the orc wizard.
Your hound barely misses the orc wizard.
The orc wizard closely misses you. The orc wizard barely misses you.
The orc wizard attacks as you move away!
The orc wizard closely misses you.
You're too confused to move!
You feel less confused. The orc barely misses your hound.
Your hound bites the orc wizard.
The orc wizard barely misses you.
Casting: Call Imp (safe; 4% risk of failure)
Press: ? - help, Q - select action, (/) - cycle Dir - look around, f - activate A tiny devil pulls itself out of the air.
Your hound bites the orc wizard but does no damage.
The orc hits your hound with a +0 flail.
The orc wizard closely misses you.
Your hound barely misses the orc wizard.
Your hound bites the orc wizard but does no damage.
The orc wizard points at you and mumbles some strange words.
The puff of flame hits you. The fire burns you terribly!
You die...

##.....#
######.###.#
..........#.#
.#######..#.#
........#.# .
.####.#...# ...
...#†#..#
#...#####5#.....
#oooo.@.# ....#
.....#h#####
###.. ..# ... .
#..## ##.. #..
#. ..


You could see 2 orc wizards, 2 orcs, a friendly hound (summoned) and a friendly
cerulean imp (summoned).

Vanquished Creatures
  A hound (D:5)
  An adder (D:3)
  3 orcs
  An endoplasm (D:3)
  A hobgoblin (D:3)
  3 kobolds
  A ball python (D:2)
  4 goblins
15 creatures vanquished.

Vanquished Creatures (collateral kills)
  A howler monkey (D:5)
  An orc priest (D:4)
  A hound (D:4)
  2 sleepcaps
  An iguana (D:5)
  3 adders
  An ufetubus (D:4)
  A worm (D:3)
  2 dart slugs
  8 orcs
  2 endoplasms
  2 hobgoblins (D:3)
  A kobold (D:3)
  A ball python (D:2)
  A bat (D:1)
  A rat (D:3)
29 creatures vanquished.

Grand Total: 44 creatures vanquished

Notes
Turn   | Place    | Note
-------+----------+-------------------------------------------
     0 | D:1      | browni3141 the Mummy Summoner began the quest for the Orb.
     0 | D:1      | Reached XP level 1. HP: 13/13 MP: 4/4
    81 | D:2      | Reached XP level 2. HP: 15/19 MP: 0/5
    92 | D:2      | Found Biufraf's Antique Weapon Emporium.
   119 | D:2      | Learned a level 2 spell: Call Imp
   173 | D:2      | Reached skill level 4 in Summonings
   180 | D:2      | Found a snail-covered altar of Cheibriados.
   238 | D:3      | Gained mutation: You are in touch with the powers of death.
                  | [Mummy growth]
   238 | D:3      | Reached XP level 3. HP: 24/24 MP: 5/7
   267 | D:3      | Learned a level 3 spell: Call Canine Familiar
   331 | D:3      | Found a sparkling altar of Nemelex Xobeh.
   426 | D:3      | Reached XP level 4. HP: 17/30 MP: 1/8
   697 | D:4      | Reached XP level 5. HP: 21/35 MP: 4/9
   950 | D:4      | Reached skill level 5 in Summonings
  1172 | D:5      | Entered Level 5 of the Dungeon
  1238 | D:5      | Reached XP level 6. HP: 28/41 MP: 7/10
  1249 | D:5      | HP: 2/41 [orc wizard/+0 dagger (3)]
  1254 | D:5      | Killed from afar by an orc wizard

Illustrated notes

Levels and vault maps discovered:
D:1:      saegor_arrival_simple_e, layout_basic, serial_shops, shop, shop,
          nicolae_shop_rolling_square, nicolae_shop_real_fake_doors
D:2:      layout_loops_ring, serial_shops, shop, basic_altar
D:3:      layout_basic, mainiacjoe_overflow_boulevard, hangedman_decor_lopped
D:4:      layout_cave_pods
D:5:      layout_basic, minmay_temple_entry_slanted, serial_glass,
          glass_columns_a, glass_columns_a, minmay_crystal_room

Skill      XL: |  1  2  3  4  5 |
---------------+----------------+-----
Summonings     | 4 5 |  5.0
Maces & Flails | 1 2 |  2.4
Armour         | 1 2 |  2.0
Dodging        | |  1.5
Stealth        | |  1.5
Spellcasting   | |  2.6

Action                     |  1- 3 |  4- 6 || total
---------------------------+-------+-------++-------
  Melee: Unarmed           |     5 |       ||     5
         Club              |    19 |       ||    19
         Whip              |    27 |    50 ||    77
         Punch             |       |     2 ||     2
   Cast: Summon Small Mamm |    12 |       ||    12
         Call Imp          |     7 |    11 ||    18
         Call Canine Famil |     2 |     8 ||    10
   Stab: Sleeping          |       |     1 ||     1
 Armour: Robe              |    13 |     2 ||    15
         Leather armour    |       |    10 ||    10
  Dodge: Dodged            |    42 |    37 ||    79
